 Dungeon Crawl Stone Soup version 0.18-a0-1292-ge8ad84c (webtiles) character file.

107 Lathuz the Shield-Bearer (level 4, -4/28 HPs)
             Began as a Gargoyle Fighter on Feb 9, 2016.
             Killed by divine providence
             ... invoked by an orc priest
              (11 damage)
             ... on level 3 of the Dungeon.
             The game lasted 00:05:15 (2022 turns).

Lathuz the Shield-Bearer (Gargoyle Fighter)         Turns: 2022, Time: 00:05:16

Health: -4/28      AC: 11    Str: 20    XL:     4   Next: 85%
Magic:  0/4        EV:  7    Int:  8    God:
Gold:   103        SH:  9    Dex: 10    Spells: 0 memorised, 3 levels left

rFire  . . .     SeeInvis .     a - +0 flail
rCold  . . .     Gourm    .     b - +0 scale mail
rNeg   + . .     Faith    .     c - +0 shield
rPois  ∞         Spirit   +     (no helmet)
rElec  +         Dismiss  .     (no cloak)
rCorr  .         Reflect  .     j - +0 pair of gloves
SustAt .         Harm     .     (no boots)
MR     .....                    p - amulet of guardian spirit
Stlth  ..........               (no ring)
                                (no ring)

@: not resistant to hostile enchantments, extremely unstealthy
A: negative energy resistance 1, electricity resistance, unbreathing,
petrification resistance, rot immunity, AC +3
a: no special abilities


You were on level 3 of the Dungeon.
You were not hungry.

You visited 1 branch of the dungeon, and saw 3 of its levels.

You collected 103 gold pieces.

Inventory:

Hand Weapons
 a - a +0 flail (weapon)
Missiles
 e - 66 stones (quivered)
Armour
 b - a +0 scale mail (worn)
 c - a +0 shield (worn)
 j - a +0 pair of gloves (worn)
Jewellery
 p - an amulet of guardian spirit (around neck)
 r - an uncursed ring of flight {unknown}
Scrolls
 h - a scroll of identify
 m - a scroll of teleportation
 o - a scroll of remove curse {unknown}
Potions
 d - a potion of might
 g - 3 potions of mutation {unknown}
 i - 2 potions of degeneration {unknown}
 k - 2 potions of curing {unknown}
 l - a potion of brilliance {unknown}
 q - a potion of agility {unknown}
Comestibles
 f - 3 bread rations
 n - 3 chunks of flesh


   Skills:
 - Level 3.2 Fighting
 + Level 3.7 Maces & Flails
 - Level 3.2 Armour
 + Level 4.7 Shields


You had 3 spell levels left.
You didn't know any spells.

Dungeon Overview and Level Annotations

Branches:
Dungeon (3/15)

Altars:
Sif Muna
Yredelemnul


Innate Abilities, Weirdness & Mutations

You are resistant to torment.
Your stone body is resilient (AC +3).
You are immune to poison.
You resist negative energy.
You are resistant to electric shocks.
You can survive without breathing.
You are immune to petrification.
You are immune to rotting.


Message History

The orc priest mumbles some strange prayers to Beogh against you.
Something smites you!
* * * LOW HITPOINT WARNING * * *
The orc priest hits you but does no damage.
You hit the orc priest.
The orc priest is severely wounded.
The orc priest mumbles some strange prayers to Beogh against you.
You barely resist. The orc priest barely misses you.
Your shield and scale mail prevent you from hitting the orc priest.
The orc priest is severely wounded.
The orc priest calls upon Beogh to heal the orc priest.
The orc priest is healed somewhat.
The orc priest invokes the aid of Beogh against you.
You barely resist.
The orc priest looks braver for a moment.
You barely miss the orc priest.
The orc priest is heavily wounded.
The orc priest invokes the aid of Beogh against you.
Something smites you!
You die...

...............
.................#
.................#
.................#
.................#
.................#
.........o.......#
........@o......#
#.....<##.....#
#....####....##
..>.. #..<.# ####
#...[# ######


You could see 2 orc priests.

Vanquished Creatures
  Terence (D:2)
  2 adders (D:2)
  2 oozes (D:1)
  A worm (D:2)
  2 giant geckos
  An orc (D:3)
  2 ball pythons (D:1)
  4 giant cockroaches
  9 goblins
  2 hobgoblins
  6 jackals (D:2)
  7 bats
  2 giant newts (D:1)
  6 kobolds
  5 rats
52 creatures vanquished.

Notes
Turn   | Place    | Note
--------------------------------------------------------------
     0 | D:1      | Lathuz the Gargoyle Fighter began the quest for the Orb.
     0 | D:1      | Reached XP level 1. HP: 14/14 MP: 1/1
   146 | D:1      | Reached XP level 2. HP: 17/19 MP: 2/2
   506 | D:1      | Reached skill level 4 in Shields
   529 | D:1      | Reached XP level 3. HP: 20/23 MP: 3/3
  1070 | D:2      | Noticed Terence
  1093 | D:2      | Killed Terence
  1093 | D:2      | Reached XP level 4. HP: 28/28 MP: 4/4
  1391 | D:2      | Found a basalt altar of Yredelemnul.
  1503 | D:2      | Found a deep blue altar of Sif Muna.
  2022 | D:3      | Killed from afar by an orc priest

Vault maps used:
D:1:      mrwooster_arrival_statue_2, roderic_lattice_a
D:2:      nicolae_overflow_crystal_walls, lemuel_doored_altar, first_bread,
          uniq_terence
D:3:      uniq_natasha

Action                   |  1- 3 |  4- 6 || total
-------------------------+-------+-------++-------
Melee: Flail             |   118 |    83 ||   201
Throw: Stone             |     5 |       ||     5
  Use: Scroll            |       |     3 ||     3
  Eat: Chunk             |     1 |     3 ||     4
